 Dungeon Crawl Stone Soup version 0.31-a0-455-g1a7b003ef0 (webtiles) character file.

Game seed: 15334288492507749547

1271 ryw the Ruffian (level 8, 0/118 HPs)
             Began as a Troll Fighter on Aug 4, 2023.
             Was a Follower of Okawaru.
             Succumbed to a scorpion's poison
             ... in an ossuary.
             The game lasted 00:07:29 (3814 turns).

ryw the Ruffian (Troll Fighter)                     Turns: 3814, Time: 00:07:30

Health: 0/118      AC:  6    Str: 27    XL:     8   Next: 28%
Magic:  7/7        EV:  9    Int:  7    God:    Okawaru [*.....]
Gold:   281        SH:  8    Dex:  9    Spells: 7/7 levels left

rFire   . .          .
                       - Unarmed
rCold   . . .        b - +0 kite shield
rNeg    . . .        a - +0 robe
rPois   .            f - +1 hat {Int+3}
rElec   .            j - +0 cloak
rCorr   .            (gloves unavailable)
SInv    .            (boots unavailable)
Will    .....        (no amulet) Stlth
                     (no ring)
HPRegen 1.19/turn    (no ring)
MPRegen 0.10/turn

%: no passive effects
@: berserking, lethally poisoned (0 -> -9), attractive, very quick
A: large, unfitting armour, claws 3, regeneration 1, shaggy fur 1, tough skin 1
a: Renounce Religion, Heroism


You were in an ossuary.
You worshipped Okawaru.
Okawaru was aware of your devotion.
You visited 1 branch of the dungeon, and saw 6 of its levels.
You also visited: Ossuary.

You collected 281 gold pieces.

Inventory:

Missiles
 o - 4 poisoned darts (quivered)
 v - 2 throwing nets
Armour
 a - a +0 robe (worn)
 b - a +0 kite shield (worn)
 f - a +1 hat of intelligence (worn)
 j - a +0 cloak (worn)
Jewellery
 h - a ring of ice
 k - an amulet of magic regeneration
 p - a ring of protection from cold
 s - a ring of protection from cold
 x - a ring of positive energy
Scrolls
 d - 2 scrolls of butterflies {unknown}
 g - 3 scrolls of teleportation {unknown}
 l - a scroll of revelation {unknown}
 n - a scroll of enchant armour {unknown}
 q - a scroll of noise {unknown}
 r - 2 scrolls of poison {unknown}
Potions
 c - a potion of might
 e - a potion of mutation
 i - a potion of lignification
 m - a potion of brilliance {unknown}
 t - a potion of attraction
 u - a potion of berserk rage
 w - a potion of enlightenment {unknown}


   Skills:
 + Level 4.5 Fighting
 + Level 2.8 Throwing
 - Level 3.0 Dodging
 - Level 5.0 Shields
 * Level 6.8 Unarmed Combat


You had 7 spell levels left.
You didn't know any spells.
Your spell library contained the following spells:

 Spells                   Type           Power      Damage    Failure   Level
 Blink                    Tloc           0%         N/A       80%         2
 Passage of Golubria      Tloc           0%         N/A       100%        4
 Silence                  Hex/Air        0%         N/A       100%        5
 Disjunction              Tloc           0%         N/A       100%        8
 Lehudib's Crystal Spear  Conj/Erth      0%         10d2      100%        8
 Summon Small Mammal      Summ           Unusable   N/A       N/A         1
 Call Canine Familiar     Summ           Unusable   N/A       N/A         3
 Summon Guardian Golem    Hex/Summ       Unusable   N/A       N/A         3
 Summon Hydra             Summ           Unusable   N/A       N/A         7

Dungeon Overview and Level Annotations

Branches:
Dungeon (6/15)            Ossuary (1/1)
 Temple: D:4-7

Altars:
Cheibriados
Dithmenos
Okawaru
Qazlal
Sif Muna
Trog
Vehumet
Wu Jian

Annotations:
D:5 1 runed translucent door, fecund's ghost, novice VSBr


Innate Abilities, Weirdness & Mutations

You are too large for most types of armour.
You have claws for hands.
Your natural rate of healing is unusually fast.
You are covered in fur. (AC +1)
You have tough skin. (AC +1)


Message History

You barely miss the scorpion.
* * * LOW HITPOINT WARNING * * *
You feel very sick. The scorpion stings you.
* * * LOW HITPOINT WARNING * * *
It was a potion of attraction.
You feel attractive to monsters.
* * * LOW HITPOINT WARNING * * *
You feel very sick.
The scorpion stings you but does no damage.
The scorpion stings you.
* * * LOW HITPOINT WARNING * * *
It was a potion of berserk rage.
A red film seems to cover your vision as you go berserk!
You feel yourself moving faster!
You feel mighty!
You feel very sick. The scorpion barely misses you.
You scratch the scorpion.
The scorpion is moderately wounded.
You feel sick. You block the scorpion's attack.
You closely miss the scorpion.
The scorpion is moderately wounded.
You feel sick.
You are too berserk!
You closely miss the scorpion.
The scorpion is moderately wounded.
You feel sick.
The scorpion stings you but does no damage.
You closely miss the scorpion.
The scorpion is moderately wounded.
You feel sick. The scorpion barely misses you.
You claw the scorpion!
The scorpion is almost dead.
You feel sick. The scorpion stings you.
* * * LOW HITPOINT WARNING * * *
You are lethally poisoned!
The scorpion poisons you!
You closely miss the scorpion.
The scorpion is almost dead.
You die...

########### ####### ####
#...#...#...#s....#.....
#.∩.'.∩.#...'@....#.....
#...#...#...#.....8.....
######†###+##..†........
#...#...#.??#...........
#...8...#...###8.....8##
#.......#?.M#...........
##8...8######...........
#.......#...#.....8.....
#..†8...#...'.....#.....


You could see a scorpion.

Vanquished Creatures
  2 black bears (D:5)
  A phantom (D:5)
  A gnoll sergeant (D:5)
  4 scorpions (Ossuary)
  A jelly (D:4)
  A centaur zombie (Ossuary)
  3 hounds
  5 iguanas
  An orc priest (D:4)
  A human zombie (Ossuary)
  An iron imp (D:5)
  Natasha (thrice) (D:3)
  An orc wizard (D:4)
  Robin (D:4)
  6 gnolls (D:5)
  3 adders
  2 white imps
  3 worms
  3 dart slugs
  14 orcs
  8 bats
  8 endoplasms
  A giant cockroach (D:2)
  4 gnoll zombies (Ossuary)
  15 goblins
  11 hobgoblins
  4 jackals
  6 kobolds
  5 quokkas
  4 ball pythons
  3 frilled lizards
  A goblin zombie (Ossuary)
  A hobgoblin zombie (Ossuary)
  A kobold zombie (Ossuary)
  A quokka zombie (D:6)
  5 rats
  A rat zombie (D:6)
136 creatures vanquished.

Notes
Turn   | Place    | Note
-------+----------+-------------------------------------------
     0 | D:1      | ryw the Troll Fighter began the quest for the Orb.
     0 | D:1      | Reached XP level 1. HP: 22/22 MP: 0/0
   200 | D:1      | Reached XP level 2. HP: 29/29 MP: 1/1
   611 | D:1      | Reached XP level 3. HP: 35/36 MP: 2/2
   852 | D:2      | Identified the +1 leather armour "Juklicasm" {rC- MP+9
                  | Dex+5}
   886 | D:2      | You fall into a shaft and drop 2 floors!
   918 | D:3      | Reached skill level 3 in Unarmed Combat
  1060 | D:3      | Got the Octavo of the Generative Map
  1077 | D:3      | Noticed Natasha
  1084 | D:3      | Killed Natasha
  1085 | D:3      | Reached XP level 4. HP: 44/44 MP: 3/3
  1184 | D:3      | Noticed Natasha
  1191 | D:3      | Killed Natasha
  1217 | D:3      | Reached XP level 5. HP: 53/53 MP: 4/4
  1487 | D:3      | Noticed Natasha
  1497 | D:3      | Killed Natasha
  1814 | D:4      | Reached skill level 4 in Unarmed Combat
  1859 | D:4      | Found a shimmering blue altar of Sif Muna.
  1885 | D:4      | Reached XP level 6. HP: 61/61 MP: 5/5
  2174 | D:4      | Noticed Robin
  2188 | D:4      | Killed Robin
  2388 | D:4      | Found an ornate altar of the Wu Jian Council.
  2396 | D:4      | Found a shadowy altar of Dithmenos.
  2484 | D:4      | Found a stormy altar of Qazlal.
  2493 | D:4      | Found an iron altar of Okawaru.
  2499 | D:4      | Reached skill level 5 in Unarmed Combat
  2500 | D:4      | Became a worshipper of Warmaster Okawaru
  2625 | D:5      | Entered Level 5 of the Dungeon
  2629 | D:5      | Reached skill level 1 in Throwing
  2629 | D:5      | Reached XP level 7. HP: 68/68 MP: 6/6
  2684 | D:5      | Found a runed translucent door.
  2685 | D:5      | Noticed fecund's ghost (novice VSBr)
  2685 | D:5      | Noticed a shadow
  2756 | D:5      | Found a snail-covered altar of Cheibriados.
  2800 | D:5      | Reached * piety under Okawaru
  2887 | D:5      | Reached skill level 6 in Unarmed Combat
  3032 | D:5      | Found a radiant altar of Vehumet.
  3034 | D:5      | Found a bloodstained altar of Trog.
  3538 | D:6      | Found a sand-covered staircase.
  3559 | Ossuary  | Entered an ossuary
  3575 | Ossuary  | Reached XP level 8. HP: 78/78 MP: 7/7
  3806 | Ossuary  | Reached skill level 5 in Shields
  3813 | Ossuary  | HP: 5/118 [poisoned by a scorpion]
  3813 | Ossuary  | HP: 2/118 [scorpion (3)]
  3814 | Ossuary  | Succumbed to a scorpion's poison

Illustrated notes

Levels and vault maps discovered:
D:1:      mrwooster_arrival_statue, layout_loops_cross, serial_bayou_crossing
D:2:      layout_rooms, minmay_goblin_outpost
D:3:      layout_loops_ring, uniq_natasha
D:4:      layout_loops_cross, mainiacjoe_overflow_alcove_1,
          amethyst_overflow_temple_binary, mainiacjoe_overflow_swirl,
          palyth_stone_intersect, uniq_robin
D:5:      layout_basic, slow_altar_2,
          chequers_temple_overflow_statue_of_worship, ebering_ghost_inner_flame,
          nrook_pool_corridor
D:6:      layout_loops_cross, enter_ossuary_4, roderic_serpentine_path
Ossuary:  ossuary_minmay_scorpions

Skill      XL: |  1  2  3  4  5  6  7  8 |
---------------+-------------------------+-----
Shields        | 3 4 5 |  5.0
Unarmed Combat | 3 4 5 6 |  6.8
Dodging        | 3 |  3.0
Fighting       | 3 4 |  4.5
Throwing       | 1 2 |  2.8

Action                     |  1- 3 |  4- 6 |  7- 9 || total
---------------------------+-------+-------+-------++-------
  Melee: Unarmed           |   114 |   140 |   138 ||   392
  Throw: Dart              |       |     1 |     8 ||     9
 Invoke: Heroism           |       |       |     2 ||     2
    Use: Scroll            |     3 |     1 |       ||     4
         Potion            |       |       |     2 ||     2
   Stab: Sleeping          |       |     2 |       ||     2
 Armour: Robe              |    42 |    37 |    45 ||   124
  Dodge: Dodged            |    35 |    35 |    54 ||   124
  Block: Kite shield       |    46 |    54 |    48 ||   148

Table legend: (Time is in decaauts)
 A = Elapsed time spent in this place.
 B = Non-inter-level travel time spent in this place.
 C = Inter-level travel time spent in this place.
 D = Time resting spent in this place.
 E = Time spent auto-exploring this place.
 F = Levels seen in this place.
 G = Mean time per level.
                   A        B        C        D        E       F      G
               +--------+--------+--------+--------+--------+-----+--------+
         Total |   3832 |   3711 |    121 |    144 |   2582 |   7 |  547.4 |
       Dungeon |   3580 |   3459 |    121 |     29 |   2555 |   6 |  596.7 |
       Ossuary |    252 |    252 |      0 |    115 |     27 |   1 |  252.0 |
               +--------+--------+--------+--------+--------+-----+--------+

Top non-repeatable levels by time:
     D:4: 902 daAuts
     D:5: 864 daAuts
     D:3: 681 daAuts
     D:1: 612 daAuts
     D:2: 450 daAuts
 Ossuary: 252 daAuts
     D:6: 68 daAuts
